 Dungeon Crawl Stone Soup version 0.31-a0-851-g7ff8af7976 (webtiles) character file.

Game seed: 7187772955463441003

1218 Kurtz the Chopper (level 8, -13/58 HPs)
             Began as a Mummy Delver on Oct 6, 2023.
             Was an Initiate of Gozag.
             Mangled by an orc warrior
             ... wielding a +0 glaive
              (14 damage)
             ... on level 6 of the Dungeon.
             The game lasted 00:06:44 (4806 turns).

Kurtz the Chopper (Mummy Delver)                    Turns: 4806, Time: 00:06:45

Health: -13/58     AC:  8    Str: 27    XL:     8   Next: 22%
Magic:  8/8        EV: 11    Int:  9    God:    Gozag
Gold:   472        SH:  0    Dex: 13    Spells: 7/7 levels left

rFire   + . .        p - +8 hand axe "Purphahu" {freeze, Str+3}
rCold   + . .        (no shield)
rNeg    + + +        t - +0 ring mail
rPois   ∞            w - +0 helmet
rElec   .            (no cloak)
rCorr   +            y - +1 pair of gloves
SInv    .            (no boots)
Will    +....        r - amulet "Nuicw" {RegenMP rF++ rCorr}
Stlth   ++           u - +6 ring of strength
HPRegen 0.29/turn    (no ring)
MPRegen 0.51/turn

%: faith
@: no status effects
A: cold resistance 1, negative energy resistance 3, torment resistance 2, heat
vulnerability 1, in touch with death 1, no potions, faith
a: Renounce Religion, Potion Petition, Call Merchant, Bribe Branch


You were on level 6 of the Dungeon.
You worshipped Gozag.
Gozag was aware of your devotion.
You visited 2 branches of the dungeon, and saw 7 of its levels.

You collected 527 gold pieces.
You paid 55 gold pieces to Gozag.

Inventory:

Hand Weapons
 a - a +0 hand axe
 p - the +8 hand axe "Purphahu" (weapon) {freeze, Str+3}
   (You found it on level 2 of the Dungeon)

   Str+3:     It affects your strength (+3).
 x - a +0 war axe
 C - a +0 morningstar
Missiles
 s - 15 poisoned darts
Armour
 b - a +0 leather armour
 t - a +0 ring mail (worn)
 w - a +0 helmet (worn)
 y - a +1 pair of gloves (worn)
Jewellery
 l - an amulet of guardian spirit
 r - the amulet "Nuicw" (around neck) {RegenMP rF++ rCorr}
   (You found it on level 3 of the Dungeon)

   [amulet of magic regeneration]

   RegenMP:   It increases your rate of magic regeneration.
   rF++:      It greatly protects you from fire.
   rCorr:     It protects you from acid and corrosion.
 u - a +6 ring of strength (left hand)
Wands
 f - a wand of digging (3)
 z - a wand of charming (5) (quivered)
 A - a wand of iceblast (12)
Scrolls
 c - a scroll of fog
 d - a scroll of revelation
 e - 3 scrolls of fear
 g - a scroll of immolation {unknown}
 i - 3 scrolls of vulnerability {unknown}
 j - 4 scrolls of identify {unknown}
 k - a scroll of brand weapon {unknown}
 m - a scroll of butterflies {unknown}
 n - a scroll of poison {unknown}
 o - 2 scrolls of teleportation {unknown}
 q - a scroll of enchant armour {unknown}
 v - a scroll of acquirement {unknown}
 B - a scroll of silence {unknown}


   Skills:
 - Level 3.3 Fighting
 * Level 7.7 Axes
 - Level 2.5 Armour
 - Level 2.0 Dodging
 - Level 4.1 Stealth


You had 7 spell levels left.
You didn't know any spells.
Your spell library contained the following spells:

 Spells                   Type           Power      Damage    Failure   Level
 Apportation              Tloc           0%         N/A       52%         1
 Shock                    Conj/Air       0%         1d3       52%         1
 Ensorcelled Hibernation  Hex/Ice        0%         N/A       65%         2
 Jinxbite                 Hex            0%         N/A       65%         2
 Passwall                 Tmut/Erth      0%         N/A       65%         2
 Swiftness                Air            0%         N/A       87%         3
 Airstrike                Air            0%         2d(0-16)  99%         4
 Petrify                  Tmut/Erth      0%         N/A       99%         4
 Alistair's Intoxication  Tmut/Pois      0%         N/A       100%        5
 Irradiate                Conj/Tmut      0%         3d11      100%        5
 Haunt                    Necr/Summ      0%         N/A       100%        7
 Infestation              Necr           0%         N/A       100%        8
 Sublimation of Blood     Necr           Unusable   N/A       N/A         2
 Animate Dead             Necr           Unusable   N/A       N/A         4

Dungeon Overview and Level Annotations

Branches:
Dungeon (6/15)             Temple (1/1) D:4

Altars:
Cheibriados
Dithmenos
Fedhas
Gozag
Hepliaklqana
Kikubaaqudgha
Makhleb
Okawaru
Ru
Sif Muna
Trog
Vehumet
Wu Jian
Xom
Yredelemnul

Shops:
D:2 =   D:5 (

Annotations:
D:2 Sigmund
D:3 exclusion: door


Innate Abilities, Weirdness & Mutations

You are immune to poison.
Your flesh is cold resistant. (rC+)
You are immune to negative energy. (rN+++)
You are immune to unholy pain and torment.
You are vulnerable to heat. (rF-)
You are in touch with the powers of death.
You do not drink.
You have a special connection with the divine. (Faith)


Message History

You throw a throwing net. The throwing net hits the orc warrior.
The orc warrior is caught in the net!
The orc warrior is lightly wounded.
The orc warrior struggles against the net.
You hit the orc warrior but do no damage.
The orc warrior is lightly wounded.
The orc warrior struggles against the net.
You hit the orc warrior. You freeze the orc warrior.
The orc warrior is moderately wounded.
The orc warrior struggles against the net.
You hit the orc warrior but do no damage.
The orc warrior is moderately wounded.
The orc warrior struggles against the net.
You hit the orc warrior but do no damage.
The orc warrior is moderately wounded.
The orc warrior struggles against the net.
The net rips apart, and the orc warrior comes free!
You slash the orc warrior! You freeze the orc warrior.
The orc warrior is severely wounded.
The orc warrior hits you with a +0 glaive.
* * * LOW HITPOINT WARNING * * *
Aiming: Charm
Press: ? - help, Q - select action, (/) - cycle Shift-Dir - straight line, f/p - orc warrior
Aim: an orc warrior, wielding a +0 glaive and wearing a +0 chain mail (severely wounded, chance to affect: 49%)
The orc warrior resists with some effort.
The orc warrior hits you with a +0 glaive.
* * * LOW HITPOINT WARNING * * *
Aiming: Charm
Press: ? - help, Q - select action, (/) - cycle Shift-Dir - straight line, f/p - orc warrior
Aim: an orc warrior, wielding a +0 glaive and wearing a +0 chain mail (severely wounded, chance to affect: 49%)
The orc warrior resists with some effort.
The orc warrior hits you with a +0 glaive!
* * * LOW HITPOINT WARNING * * *
Aiming: Charm
Press: ? - help, Q - select action, (/) - cycle Shift-Dir - straight line, f/p - orc warrior
Aim: an orc warrior, wielding a +0 glaive and wearing a +0 chain mail (severely wounded, chance to affect: 49%)
The orc warrior resists with some effort.
The orc warrior hits you with a +0 glaive!
You die...
Your body crumbles into a pile of gold.

###.#####..................
#.# ############....... #.#
#(. #.....). #.# #.#
#....... #.## #.# #.......
#..# #.# #..<.... ##.# #.#
#%#.%... #.# #o# #..#####
#.# #@# ##. # #.# #$# # #
#.# #$# ######.## #.#
#....#.!# #.# #.##.##.# #.#
#.##.##.####.##
##.##......##..#
###..####........##


You could see an orc warrior.

Vanquished Creatures
  A water moccasin (D:5)
  An ice beast (D:5)
  A black bear (D:5)
  An ogre (D:6)
  A phantom (D:5)
  A kobold brigand (D:6)
  Blork the orc (D:4)
  A scorpion (D:6)
  3 hounds
  3 orc priests
  A gnoll bouda (D:5)
  2 sleepcaps
  Jessica (D:3)
  2 iguanas
  An orc wizard (D:6)
  Robin (D:4)
  6 adders
  6 gnolls
  An ufetubus (D:6)
  2 worms (D:2)
  10 orcs
  5 ball pythons
  4 endoplasms
  3 giant cockroaches
  13 goblins
  8 hobgoblins
  6 kobolds
  5 quokkas
  4 bats
  2 frilled lizards (D:1)
  3 rats
100 creatures vanquished.

Notes
Turn   | Place    | Note
-------+----------+-------------------------------------------
     0 | D:5      | Kurtz the Mummy Delver began the quest for the Orb.
     0 | D:5      | Reached XP level 1. HP: 18/18 MP: 1/1
     0 | D:5      | Found Houm's Weapon Shop.
   192 | D:3      | Reached skill level 2 in Axes
   228 | D:3      | Reached XP level 2. HP: 24/24 MP: 2/2
   324 | D:2      | Found Xeddeed's Jewellery Emporium.
   457 | D:2      | Noticed Sigmund
   563 | D:1      | Reached XP level 3. HP: 28/29 MP: 3/3
   636 | D:1      | Reached skill level 3 in Axes
  1469 | D:2      | Found a faded altar of an unknown god.
  1514 | D:2      | Identified the +8 hand axe "Purphahu" {freeze, Str+3}
  1861 | D:3      | Noticed Jessica
  1867 | D:3      | Killed Jessica
  1868 | D:3      | Reached XP level 4. HP: 35/35 MP: 4/4
  1915 | D:3      | Found a blossoming altar of Fedhas.
  2048 | D:3      | Identified the amulet "Nuicw" {RegenMP rF++ rCorr}
  2059 | D:3      | Reached skill level 4 in Axes
  2285 | D:4      | Reached XP level 5. HP: 41/41 MP: 5/5
  2412 | D:4      | Found a staircase to the Ecumenical Temple.
  2420 | Temple   | Entered the Ecumenical Temple
  2430 | Temple   | Became a worshipper of Gozag Ym Sagoz the Greedy
  3061 | D:4      | Noticed Robin
  3075 | D:4      | Killed Robin
  3076 | D:4      | Reached skill level 5 in Axes
  3226 | D:4      | Noticed Blork the orc
  3233 | D:4      | Killed Blork the orc
  3234 | D:4      | Reached XP level 6. HP: 33/47 MP: 6/6
  3559 | D:5      | Found an ancient bone altar of Kikubaaqudgha.
  3827 | D:5      | Noticed a water moccasin
  3834 | D:5      | Killed a water moccasin
  3835 | D:5      | Reached skill level 1 in Armour
  3835 | D:5      | Reached XP level 7. HP: 52/52 MP: 7/7
  4046 | D:5      | Reached skill level 6 in Axes
  4559 | D:6      | Reached skill level 7 in Axes
  4559 | D:6      | Reached XP level 8. HP: 40/58 MP: 8/8
  4805 | D:6      | HP: 1/58 [orc warrior/+0 glaive (7)]
  4806 | D:6      | Mangled by an orc warrior

Illustrated notes

Levels and vault maps discovered:
D:1:      doesnt_arrival_eight_statues, layout_basic, nicolae_eternal_life
D:2:      layout_rooms, serial_shops, shop, ebering_ecumenical_altar_ruins,
          uniq_crazy_yiuf_cottage, uniq_sigmund
D:3:      layout_rooms, nicolae_overflow_hidden_temple, cheibrodos_gnoll_hut,
          uniq_terence, uniq_jessica
D:4:      layout_loops_corners, minmay_temple_entry_large_hall, serial_aquarium,
          aquarium_bridge_square [aquarium_subvault_balcony,
          aquarium_subvault_bridge, aquarium_subvault_bridge,
          aquarium_subvault_wall], aquarium_window_3, aquarium_window_fake,
          aquarium_window_fake, aquarium_view_2c, aquarium_view_2f,
          aquarium_balcony_double_3, aquarium_pool_five, uniq_robin,
          uniq_blork_the_orc
D:5:      lemuel_ice_spiral_2, layout_basic, mainiacjoe_overflow_catwalk,
          serial_shops, nicolae_shop_bloodbath_and_beyond,
          kennysheep_big_empty_room
D:6:      layout_rooms, gammafunk_temple_overflow_wave
Temple:   nicolae_temple_x_marks_the_god

Skill      XL: |  1  2  3  4  5  6  7 |
---------------+----------------------+-----
Axes           | 2 3 4 5 7 |  7.7
Armour         | 1 2 |  2.5
Dodging        | 2 |  2.0
Fighting       | |  3.3
Stealth        | |  4.1

Action                     |  1- 3 |  4- 6 |  7- 9 || total
---------------------------+-------+-------+-------++-------
  Melee: Hand axe          |   130 |    75 |    87 ||   292
         Punch             |     1 |       |     1 ||     2
  Throw: Dart              |       |     2 |     4 ||     6
         Throwing net      |       |       |     2 ||     2
  Evoke: Wand              |       |     2 |     4 ||     6
   Stab: Sleeping          |     1 |     2 |       ||     3
         Distracted        |     1 |       |       ||     1
 Armour: Leather armour    |    79 |     5 |       ||    84
         Ring mail         |       |    45 |    67 ||   112
  Dodge: Dodged            |    76 |    33 |    38 ||   147

Table legend: (Time is in decaauts)
 A = Elapsed time spent in this place.
 B = Non-inter-level travel time spent in this place.
 C = Inter-level travel time spent in this place.
 D = Time resting spent in this place.
 E = Time spent auto-exploring this place.
 F = Levels seen in this place.
 G = Mean time per level.
                   A        B        C        D        E       F      G
               +--------+--------+--------+--------+--------+-----+--------+
         Total |   4830 |   4456 |    374 |    581 |   2949 |   7 |  690.0 |
       Dungeon |   4809 |   4454 |    355 |    581 |   2949 |   6 |  801.5 |
        Temple |     20 |      1 |     19 |      0 |      0 |   1 |   20.0 |
               +--------+--------+--------+--------+--------+-----+--------+

Top non-repeatable levels by time:
     D:4: 1350 daAuts
     D:1: 923 daAuts
     D:5: 890 daAuts
     D:2: 709 daAuts
     D:3: 540 daAuts
     D:6: 394 daAuts
  Temple: 20 daAuts
